 Dungeon Crawl Stone Soup version 0.18-a0-1805-g8ab820f (webtiles) character file.

39 Mefis the Magician (level 3, -8/19 HPs)
             Began as a Deep Elf Wizard on Apr 26, 2016.
             Killed from afar by Sigmund (12 damage)
             ... with a puff of flame
             ... on level 2 of the Dungeon.
             The game lasted 00:03:04 (1275 turns).

Mefis the Magician (Deep Elf Wizard)                Turns: 1275, Time: 00:03:04

Health: -8/19      AC:  2    Str:  4    XL:     3   Next: 26%
Magic:  7/11       EV: 13    Int: 23    God:
Gold:   19         SH:  0    Dex: 13    Spells: 5 memorised, 2 levels left

rFire  . . .     SeeInvis .     (no weapon)
rCold  . . .     Gourm    .     a - +0 robe
rNeg   . . .     Faith    .     (no shield)
rPois  .         Spirit   .     b - +0 hat
rElec  .         Dismiss  .     (no cloak)
rCorr  .         Reflect  .     (no gloves)
SustAt .         Harm     .     (no boots)
MR     .....                    (no amulet)
Stlth  ++........               (no ring)
                                (no ring)

@: not resistant to hostile enchantments, unstealthy
A: no striking features
a: no special abilities


You were on level 2 of the Dungeon.
You were not hungry.

You visited 1 branch of the dungeon, and saw 2 of its levels.

You collected 19 gold pieces.

Inventory:

Hand Weapons
 g - a +0 hunting sling
Armour
 a - a +0 robe (worn)
 b - a +0 hat (worn)
Jewellery
 e - an uncursed ring of see invisible {unknown}
Scrolls
 f - a scroll of magic mapping {unknown}
 h - a scroll of enchant weapon {unknown}
Books
 c - a book of Minor Magic

   Spells                             Type                      Level
   a - Magic Dart                     Conjuration                  1
   b - Blink                          Translocation                2
   c - Call Imp                       Summoning                    2
   d - Repel Missiles                 Charms/Air                   2
   e - Slow                           Hexes                        2
   f - Conjure Flame                  Conjuration/Fire             3
   g - Mephitic Cloud                 Conjuration/Poison/Air       3
Comestibles
 d - a bread ration


   Skills:
 + Level 2.8 Dodging
 + Level 3.0 Stealth
 + Level 5.3 Spellcasting
 + Level 1.7 Conjurations
 - Level 1.1 Summonings
 - Level 1.1 Translocations


You had 2 spell levels left.
You knew the following spells:

 Your Spells              Type           Power        Failure   Level  Hunger
a - Magic Dart            Conj           ##..         4%          1    None
b - Call Imp              Summ           ##......     12%         2    None
c - Blink                 Tloc           N/A          12%         2    None
d - Repel Missiles        Chrm/Air       #.....       17%         2    None
e - Mephitic Cloud        Conj/Pois/Air  #.......     24%         3    ##.....


Dungeon Overview and Level Annotations

Branches:
Dungeon (2/15)

Altars:

Annotations:
D:2 Natasha, Sigmund


Message History

The stinking cloud engulfs Sigmund.
You hear a shout!
Natasha is engulfed in noxious fumes.
Natasha appears confused.
Sigmund hits you from afar with a scythe!
A kobold comes into view.
The kobold shouts!
The kobold throws a stone.
The stone hits you but does no damage.
You see here a stone.
The kobold throws a stone.
The stone is repelled.
You feel less protected from missiles.
You see here a stone.
The kobold throws a stone.
The stone barely misses you.
You see here a stone.
Sigmund casts a spell at you. The puff of flame hits you!
* * * LOW HITPOINT WARNING * * *
Sigmund points at you and mumbles some strange words.
The puff of flame hits you!
Ouch! That really hurt!
You die...

....§§......# ##
##########@# ## #
.K.....)(..# .. #
.......@#### .## #
#######(## ..## #..# ..#
##.## #.# #..#
########.### #######@#
#...........
........###.#......####.
.....##..##.#...÷..# ##.
.... #..##.#...##.# #..
### #..##.#...#### ###
#...#.#...#
#.#.#.+...####
#.#...#......#
#.#.........##


You could see Sigmund.

Vanquished Creatures
  An adder (D:2)
  A dart slug (D:1)
  A giant gecko (D:1)
  A bat (D:1)
  3 giant cockroaches (D:1)
  4 hobgoblins (D:1)
  3 giant newts
  6 goblins
  2 kobolds (D:1)
  3 rats (D:1)
25 creatures vanquished.

Notes
Turn   | Place    | Note
--------------------------------------------------------------
     0 | D:1      | Mefis the Deep Elf Wizard began the quest for the Orb.
     0 | D:1      | Reached XP level 1. HP: 10/10 MP: 7/7
   386 | D:1      | Reached XP level 2. HP: 15/15 MP: 1/9
   424 | D:1      | Learned a level 2 spell: Call Imp
   427 | D:1      | Learned a level 2 spell: Blink
   430 | D:1      | Learned a level 2 spell: Repel Missiles
   538 | D:1      | Reached skill level 5 in Spellcasting
  1220 | D:2      | Reached XP level 3. HP: 19/19 MP: 9/11
  1225 | D:2      | Learned a level 3 spell: Mephitic Cloud
  1266 | D:2      | Noticed Natasha
  1266 | D:2      | Noticed Sigmund
  1275 | D:2      | Killed from afar by Sigmund

Vault maps used:
D:1:      lemuel_arrival_lava_pool
D:2:      lightli_temple_of_fire, grunt_temple_overflow_diamond,
          roderic_hopi_sauvastika, uniq_natasha, uniq_sigmund,
          uniq_crazy_yiuf_cottage

Skill      XL: |  1  2  3 |
---------------+----------+-----
Spellcasting   | 5 |  5.3
Stealth        | 3 |  3.0
Dodging        | |  2.8
Conjurations   | |  1.7
Summonings     | |  1.1
Translocations | |  1.1

Action                   || total
-------------------------++-------
 Cast: Magic Dart        ||    57
       Repel Missiles    ||     1
       Mephitic Cloud    ||     1
  Eat: Chunk             ||     1
Dodge: Dodged            ||     1
       Deflected         ||     1
